 Dungeon Sprint DCSS version 0.23-a0-85-g22930c1 (webtiles) character file.

1243 Kidiri the Thaumaturge (level 8, -22/47 (48) HPs)
             Began as a Deep Elf Fire Elementalist on Aug 13, 2018.
             Was a Believer of Vehumet.
             Annihilated by Snorg (28 damage)
             ... in the Dungeon (Sprint III: "The Ten Rune Challenge").
             The game lasted 00:06:20 (1273 turns).

Kidiri the Thaumaturge (Deep Elf Fire Elementalist) Turns: 1273, Time: 00:06:20

HP:   -22/47 (48)   AC:  2    Str:  3    XL:     8   Next: 25%
MP:   12/25         EV: 16    Int: 25    God:    Vehumet [**....]
Gold: 34            SH:  0    Dex: 15    Spells: 15/34 levels left

rFire    . . .     SeeInvis .   b - +0 dagger
rCold    . . .     Gourm    .   (no shield)
rNeg     . . .     Faith    .   a - +0 robe
rPois    .         Spirit   .   (no helmet)
rElec    .         Reflect  .   (no cloak)
rCorr    .         Harm     .   (no gloves)
MR       .....     NoTele   +   (no boots)
Stlth    ++........             (no amulet)
HPRegen  0.15/turn              (no ring)
MPRegen  0.19/turn              (no ring)

@: no status effects
A: clever 1, low mp 1, weak 1
a: Renounce Religion


You were in the Dungeon.
You worshipped Vehumet.
Vehumet was pleased with you.
You were not hungry.

You visited 1 branch You collected 34 gold pieces.

Inventory:

Hand Weapons
 b - a +0 dagger (weapon)
Armour
 a - a +0 robe (worn)
Scrolls
 i - a scroll of blinking
 k - 2 scrolls of torment
 m - 2 scrolls of remove curse
Potions
 d - 3 potions of curing
 e - 2 potions of heal wounds
 f - a potion of haste
 g - 2 potions of magic
 h - a potion of berserk rage
 l - a potion of might
 n - 2 potions of resistance
 o - 2 potions of flight
Comestibles
 c - 4 rations


   Skills:
 + Level 3.9 Fighting
 + Level 4.7 Short Blades
 + Level 4.1 Armour
 + Level 6.6 Dodging
 - Level 2.4 Stealth
 * Level 13.8 Spellcasting
 + Level 8.4 Conjurations
 + Level 9.0 Fire Magic


You had 15 spell levels left.
You knew the following spells:

 Your Spells              Type           Power        Failure   Level  Hunger
a - Flame Tongue          Conj/Fire      #####        1%          1    None
b - Throw Flame           Conj/Fire      ######       1%          2    None
c - Conjure Flame         Conj/Fire      ######..     1%          3    None
d - Inner Flame           Hex/Fire       #####...     1%          3    None
e - Sticky Flame          Conj/Fire      ######..     1%          4    None
f - Fireball              Conj/Fire      ######....   2%          5    ##.....
g - Sting                 Conj/Pois      ####         1%          1    None

Your spell library contained the following spells:

 Spells                   Type           Power        Failure   Level  Hunger
 Apportation              Tloc           ###...       3%          1    None
 Summon Small Mammal      Summ           ###.         3%          1    None
 Animate Skeleton         Necr           N/A          3%          1    None
 Confusing Touch          Hex            ###...       3%          1    None


Dungeon Overview and Level Annotations

Branches:
Dungeon (1/1)

Altars:
Cheibriados
Dithmenos
Elyvilon
Fedhas
Gozag
Hepliaklqana
Kikubaaqudgha
Makhleb
Nemelex Xobeh
Okawaru
Qazlal
Ru
Sif Muna
Trog
Uskayaw
Vehumet
Wu Jian
Xom
Yredelemnul
Zin
The Shining One
Beogh
Jiyva
Lugonu

Annotations:
D exclusion: door, Snorg


Innate Abilities, Weirdness & Mutations

Your mind is acute. (Int +2)
Your magical capacity is low. (-10% MP)
You are weak. (Str -2)


Message History

Snorg is moderately wounded.
Snorg is engulfed in a cloud of scalding steam.
Snorg closely misses you. Snorg barely misses you. Snorg completely misses you.
Unknown command.
Casting: Fireball (safe; 2% risk of failure)
Confirm with . or Enter, or press ? or * to list all spells.
Aiming: Sticky Flame (safe; 1% risk of failure)
Press: ? - help, Shift-Dir - straight line, f/p - Snorg
Aim: Snorg (black smoke, moderately wounded, berserk, fast, unusually strong)
The sticky flame hits Snorg.
Snorg is moderately wounded.
Snorg is covered in liquid flames!
Snorg burns!
Snorg bites you!! Snorg claws you!!
* * * LOW HITPOINT WARNING * * *
Snorg barely misses you.
Unknown command.
Okay, then.
Snorg burns!
Snorg bites you!!
Ouch! That really hurt!
You die...

..#..#.).#__)#._#
..#..###+#+###+##
#+#..#..........#
##...'.⌠........#
##...#...######'#
#....#.⌠.#__#...#+#####
.....#...#__#...#.§§§§+
.....#+###__#...#T#§§≈#
.....#.[.#__#...@.#§§§#
#....#___#__+...#.#§..#
▓▓▓▓▓▓▓▓▓▓▓▓▓▓▓▓▓▓▓▓▓▓▓


You could see Snorg (berserk).

Vanquished Creatures
  A deep elf mage (D)
  A shadow (D)
  A spatial vortex (D)
  A necrophage (D)
  A water elemental (D)
  A scorpion (D)
  A jelly (D)
  A wizard (D)
  Jessica (D)
  A necromancer (D)
  3 humans (D)
  A kobold demonologist (D)
  3 rats (D)
17 creatures vanquished.

Vanquished Creatures (others)
  2 draconian scorchers (D)
  6 hellions (D)
  2 yaktaurs (D)
10 creatures vanquished.

Grand Total: 27 creatures vanquished

Notes
Turn   | Place    | Note
-------+----------+-------------------------------------------
     0 | D        | Kidiri the Deep Elf Fire Elementalist began the quest for the Orb.
     0 | D        | Reached XP level 1. HP: 10/10 MP: 6/6
    43 | D        | Noticed Jessica
    49 | D        | Killed Jessica
    49 | D        | Reached skill level 6 in Spellcasting
    49 | D        | Reached XP level 2. HP: 15/15 MP: 4/11
    53 | D        | Learned a level 2 spell: Throw Flame
    95 | D        | Killed a hellion
    96 | D        | Killed a hellion
   100 | D        | Killed a hellion
   130 | D        | Killed a hellion
   131 | D        | Killed a yaktaur
   132 | D        | Killed a hellion
   154 | D        | Reached skill level 7 in Spellcasting
   154 | D        | Reached skill level 5 in Fire Magic
   154 | D        | Reached XP level 3. HP: 10/19 MP: 2/13
   159 | D        | Learned a level 3 spell: Conjure Flame
   159 | D        | Killed a white draconian scorcher
   159 | D        | Killed a white draconian scorcher
   163 | D        | Learned a level 3 spell: Inner Flame
   181 | D        | Killed a yaktaur
   232 | D        | Killed a hellion
   303 | D        | Noticed a scorpion
   305 | D        | Killed a scorpion
   305 | D        | Reached skill level 8 in Spellcasting
   305 | D        | Reached XP level 4. HP: 24/24 MP: 11/16
   311 | D        | Learned a level 4 spell: Sticky Flame
   328 | D        | Gained mutation: You have an increased reservoir of magic. (+10% MP) [potion of mutation]
   328 | D        | Gained mutation: You have a beak for a mouth. [potion of mutation]
   328 | D        | Gained mutation: Your flesh is cold resistant. (rC+) [potion of mutation]
   329 | D        | Lost mutation: Your flesh is cold resistant. (rC+) [potion of mutation]
   329 | D        | Gained mutation: You are agile. (Dex +2) [potion of mutation]
   330 | D        | Lost mutation: You are agile. (Dex +2) [potion of mutation]
   330 | D        | Lost mutation: You have an increased reservoir of magic. (+10% MP) [potion of mutation]
   330 | D        | Gained mutation: Your body sometimes deteriorates upon taking damage. [potion of mutation]
   330 | D        | Gained mutation: Your system is resistant to poisons. (rPois) [potion of mutation]
   331 | D        | Lost mutation: Your system is resistant to poisons. (rPois) [potion of mutation]
   331 | D        | Lost mutation: You have a beak for a mouth. [potion of mutation]
   331 | D        | Lost mutation: Your body sometimes deteriorates upon taking damage. [potion of mutation]
   331 | D        | Gained mutation: You are weak. (Str -2) [potion of mutation]
   331 | D        | Gained mutation: Your magical capacity is low. (-10% MP) [potion of mutation]
   331 | D        | Gained mutation: Your mind is acute. (Int +2) [potion of mutation]
   341 | D        | Noticed a water elemental
   345 | D        | Killed a water elemental
   345 | D        | Reached skill level 9 in Spellcasting
   345 | D        | Reached skill level 5 in Conjurations
   345 | D        | Reached XP level 5. HP: 28/28 MP: 10/17
   353 | D        | Learned a level 5 spell: Fireball
   388 | D        | Found a radiant altar of Vehumet.
   389 | D        | Found a deep blue altar of Sif Muna.
   389 | D        | Found an ancient bone altar of Kikubaaqudgha.
   390 | D        | Reached skill level 10 in Spellcasting
   400 | D        | Became a worshipper of Vehumet
   453 | D        | Found a glowing silver altar of Zin.
   454 | D        | Found a glowing golden altar of the Shining One.
   454 | D        | Found a white marble altar of Elyvilon.
   454 | D        | Noticed a deep elf mage
   459 | D        | Killed a deep elf mage
   459 | D        | Reached skill level 5 in Dodging
   459 | D        | Reached skill level 12 in Spellcasting
   459 | D        | Reached XP level 6. HP: 18/36 MP: 4/21
   459 | D        | Reached XP level 7. HP: 20/40 MP: 4/22
   608 | D        | Found a hide-covered altar of Uskayaw.
   608 | D        | Found a roughly hewn altar of Beogh.
   608 | D        | Found an iron altar of Okawaru.
   608 | D        | Found a bloodstained altar of Trog.
   608 | D        | Found an ornate altar of the Wu Jian Council.
   608 | D        | Noticed a human
   608 | D        | Noticed a human
   611 | D        | Killed a human
   612 | D        | Killed a human
   612 | D        | Reached * piety under Vehumet
   612 | D        | Offered knowledge of Sting by Vehumet.
   612 | D        | Reached skill level 13 in Spellcasting
   615 | D        | Learned a level 1 spell: Sting
   717 | D        | Found a basalt altar of Yredelemnul.
   717 | D        | Found a shadowy altar of Dithmenos.
   717 | D        | Found a sacrificial altar of Ru.
   889 | D        | Noticed a shadow
   891 | D        | Killed a shadow
   891 | D        | Reached ** piety under Vehumet
   891 | D        | Offered knowledge of Freeze by Vehumet.
   891 | D        | Reached XP level 8. HP: 7/47 MP: 14/25
  1159 | D        | Found a blossoming altar of Fedhas.
  1159 | D        | Found a stormy altar of Qazlal.
  1159 | D        | Found a snail-covered altar of Cheibriados.
  1159 | D        | Found a burning altar of Makhleb.
  1159 | D        | Found a shimmering altar of Xom.
  1160 | D        | Found a hazy altar of Hepliaklqana.
  1160 | D        | Found an opulent altar of Gozag.
  1160 | D        | Found a sparkling altar of Nemelex Xobeh.
  1160 | D        | Found a corrupted altar of Lugonu.
  1160 | D        | Found a viscous altar of Jiyva.
  1268 | D        | Noticed Snorg
  1273 | D        | Annihilated by Snorg

Vault maps used:
D:        dungeon_sprint_mu

Skill      XL: |  1  2  3  4  5  6  7  8 |
---------------+-------------------------+-----
Spellcasting   | 6 7 8 9 12 13 | 13.8
Conjurations   | 3 4 5 7 8 |  8.4
Fire Magic     | 4 5 6 8 9 |  9.0
Fighting       | 2 3 |  3.9
Short Blades   | 3 4 |  4.7
Armour         | 2 3 4 |  4.1
Dodging        | 5 6 |  6.6
Stealth        | |  2.4

Action                   |  1- 3 |  4- 6 |  7- 9 || total
-------------------------+-------+-------+-------++-------
 Cast: Flame Tongue      |    14 |     4 |    22 ||    40
       Throw Flame       |     1 |       |       ||     1
       Conjure Flame     |       |     1 |     2 ||     3
       Sticky Flame      |       |     3 |     3 ||     6
       Fireball          |       |     1 |     6 ||     7
       Inner Flame       |       |       |     2 ||     2
  Use: Potion            |       |     4 |       ||     4
       Scroll            |       |     3 |       ||     3
  Eat: Ration            |       |       |     1 ||     1
Dodge: Dodged            |       |     1 |     7 ||     8

Table legend:
 A = Non-vault XP
 B = Vault XP
 C = Vault XP percentage of total XP
 D = Non-vault monster count
 E = Vault monster count
 F = Vault count percentage of total count
 G = Total turns spent on level
                 A         B        C        D         E       F
            +---------+---------+-------+---------+---------+-------
      Total |       0 |    1777 | 100.0 |       0 |      17 | 100.0
            +---------+---------+-------+---------+---------+-------
          D |       0 |    1777 | 100.0 |       0 |      17 | 100.0
            +---------+---------+-------+---------+---------+-------
